 Dungeon Crawl Stone Soup version 0.22-a0-448-g1fb7470 (webtiles) character file.

32 Hausser the Vandal (level 3, 0/24 HPs)
             Began as a Halfling Hunter on June 4, 2018.
             Slain by a gnoll
             ... wielding a +0 club
              (9 damage)
             ... on level 2 of the Dungeon.
             The game lasted 00:04:07 (537 turns).

Hausser the Vandal (Halfling Hunter)                 Turns: 537, Time: 00:04:08

Health: 0/24       AC:  3    Str: 13    XL:     3   Next: 45%
Magic:  3/3        EV: 14    Int:  9    God:
Gold:   84         SH:  0    Dex: 15    Spells: 2/2 levels left

rFire    + . .     SeeInvis .   a - +1 hunting sling
rCold    . . .     Gourm    .   (shield restricted)
rNeg     . . .     Faith    .   c - +0 leather armour
rPois    .         Spirit   .   (no helmet)
rElec    .         Reflect  .   (no cloak)
rCorr    .         Harm     .   (no gloves)
MR       .....                  (no boots)
Stlth    ++........             h - amulet of the acrobat
HPRegen  0.08/turn              i - ring of protection from fire
MPRegen  0.08/turn              (no ring)

@: no status effects
A: small, mutation resistance 1
a: no special abilities


You were on level 2 of the Dungeon.
You were not hungry.

You visited 1 branch of the dungeon, and saw 2 of its levels.

You collected 84 gold pieces.

Inventory:

Hand Weapons
 a - a +1 hunting sling (weapon)
 b - a +0 short sword
Missiles
 d - 8 sling bullets (quivered)
 e - 43 stones
Armour
 c - a +0 leather armour (worn)
Jewellery
 h - an amulet of the acrobat (around neck)
 i - a ring of protection from fire (left hand)
Scrolls
 g - a scroll of random uselessness {unknown}
 k - a scroll of enchant weapon {unknown}
 l - a scroll of teleportation {unknown}
 n - 2 scrolls of identify {unknown}
Potions
 j - 2 potions of heal wounds {unknown}
 m - 2 potions of ambrosia {unknown}
 o - a potion of curing {unknown}
 p - a potion of invisibility {unknown}
Comestibles
 f - 3 rations


   Skills:
 + Level 1.8 Fighting
 * Level 7.0 Slings
 + Level 0.1 Armour
 * Level 2.3 Dodging
 * Level 1.7 Stealth


You had 2 spell levels left.
You didn't know any spells.
Your spell library was empty.

Dungeon Overview and Level Annotations

Branches:
Dungeon (2/15)

Altars:


Innate Abilities, Weirdness & Mutations

You are small and have problems with some larger weapons.
You are somewhat resistant to further mutation.


Message History

The hobgoblin struggles against the net.
Firing (i - inventory. (/) - cycle)
d - 10 sling bullets (quivered)
Press: ? - help, Shift-Dir - straight line, f/p - kobold
Aim: a kobold, wielding a club You shoot a sling bullet.
The sling bullet hits the kobold!
You kill the kobold!
The gnoll barely misses you.
The frilled lizard completely misses you.
The gnoll barely misses you.
Unknown command.
Firing (i - inventory. (/) - cycle)
d - 9 sling bullets (quivered)
Press: ? - help, Shift-Dir - straight line, f - frilled lizard
Aim: a frilled lizard You shoot a sling bullet.
The sling bullet hits the frilled lizard!
You kill the frilled lizard!
The hobgoblin struggles against the net.
The gnoll misses you. The jackal barely misses you.
The gnoll hits you with a club!
You die...

###... .....
.... #...
#(.. .
#...## ...
#..((##.....
#.(g@hg#
#(gg#hh.#
#.(....
#h.....
#......
....##
#...... .#.#
#...... ..
.# #......
.. . #......
...


You could see 3 gnolls, 4 jackals and a hobgoblin (caught).

Vanquished Creatures
  A gnoll (D:2)
  A dart slug (D:1)
  A leopard gecko (D:1)
  A giant cockroach (D:1)
  2 goblins (D:1)
  3 hobgoblins (D:1)
  A ball python (D:1)
  2 bats (D:1)
  A frilled lizard (D:2)
  3 kobolds
  4 rats (D:1)
20 creatures vanquished.

Notes
Turn   | Place    | Note
-------+----------+-------------------------------------------
     0 | D:1      | Hausser the Halfling Hunter began the quest for the Orb.
     0 | D:1      | Reached XP level 1. HP: 14/14 MP: 1/1
    70 | D:1      | Reached skill level 6 in Slings
   139 | D:1      | Reached XP level 2. HP: 19/19 MP: 2/2
   444 | D:1      | Reached XP level 3. HP: 24/24 MP: 3/3
   533 | D:2      | Reached skill level 7 in Slings
   537 | D:2      | Slain by a gnoll

Vault maps used:
D:1:      minmay_arrival_solitary_statue, kennysheep_doodads

Skill      XL: |  1  2  3 |
---------------+----------+-----
Slings         | 6 7 |  7.0
Fighting       | |  1.8
Armour         | |  0.1
Dodging        | |  2.3
Stealth        | |  1.7

Action                   || total
-------------------------++-------
 Fire: Hunting sling     ||    55
Armor: Leather armour    ||     7
Dodge: Dodged            ||    19

Table legend:
 A = Spawn XP
 B = Non-spawn XP
 C = Spawn XP percentage of total XP
 D = Spawn monster count
 E = Non-spawn monster count
 F = Spawn count percentage of total count
 G = Total turns spent on level
                    A         B        C        D         E        F      G
               +---------+---------+-------+---------+---------+-------+---------
         Total |       0 |      47 |   0.0 |       0 |      20 |   0.0 |   537
               +---------+---------+-------+---------+---------+-------+---------
           D:1 |       0 |      29 |   0.0 |       0 |      17 |   0.0 |   528
           D:2 |       0 |      18 |   0.0 |       0 |       3 |   0.0 |     9
               +---------+---------+-------+---------+---------+-------+---------
